[Event "Titled Tuesday Blitz February 14 Early 2023"]
[White "Yurovskykh, Oleksandr"]
[Black "Shubenkova, Veronika"]
[WhiteFideId "14134020"]
[BlackFideId "44124040"]
[WhiteElo "2328"]
[BlackElo "1960"]
[Result "1-0"]
[Round "03"]
[TimeControl "180+2"]
[Date "2023.02.15"]
[WhiteClock "0:00:12"]
[BlackClock "0:00:37"]

1. d4 d5 2. Bf4 e6 3. e3 Bd6 4. Bg3 f5 5. c4 c6 6. Nc3 Nf6 7. Nf3 O-O 8. Bd3 Qe7 9. Qc2 Ne4 10. Bxd6 Qxd6 11. c5 Qe7 12. Ne5 Nd7 13. Nxd7 Bxd7 14. f4 b6 15. b4 a5 16. Bxe4 fxe4 17. Na4 bxc5 18. bxc5 Rab8 19. O-O Bc8 20. Rfb1 Ba6 21. Rxb8 Rxb8 22. Rb1 Qc7 23. Rxb8+ Qxb8 24. Qb2 Qxb2 25. Nxb2 Bb5 26. Nd1 Bc4 27. Nc3 Kf7 28. Kf2 h6 29. a3 Kf6 30. Na4 g5 31. fxg5+ Kxg5 32. Nb6 Bb3 33. Nd7 Ba4 34. Ne5 h5 35. Kg3 Bb5 36. h4+ Kf5 37. Kf2 Ba4 38. g4+ hxg4 39. Kg3 Bb5 40. Nxg4 Ba4 41. Ne5 Bb5 42. Kf2 Ba4 43. Ke1 Kf6 44. Kd2 Kf5 45. Kc3 Kf6 46. Nd7+ Kf5 47. Ne5 Kf6 48. Kd2 Kf5 49. Ke1 Kf6 50. Kf2 Kf5 51. Kg3 Bb5 52. h5 Kg5 53. Nf7+ Kxh5 54. Kf4 Kg6 55. Nd8 Kf6 56. Nb7 Ba4 57. Nxa5 Ke7 58. Nb7 Kd7 59. Ke5 Bb5 60. Nd6 Ba4 61. Nf7 Bd1 62. Ng5 Bg4 63. a4 Ke7 64. a5 Be2 65. Nxe6 Kd7 66. Nf4 Bb5 67. Nh3 Ke7 68. Nf2 Kd7 69. Nd1 Ke7 70. Nc3 Bc4 71. Na4 Ba6 72. Nb6 Bb5 73. Nc8+ Kd7 74. Nd6 Ba6 75. Kf6 Bd3 76. Nf7 Bb5 77. Ne5+ Kc7 78. Ke7 Ba6 79. Nf7 Be2 80. Ng5 Bc4 81. Ne6+ Kb7 82. Kd6 Bb5 83. Nd8+ Ka6 84. Nxc6 Bc4 85. Ne7 Kxa5 86. Nxd5 Ka6 87. Nc3 Bd3 88. Ke5 Kb7 89. Nxe4 Kc6 90. Nc3 Bc4 91. e4 Bb3 92. Kf6 Bc4 93. e5 Kd7 94. d5 Bb3 95. e6+ Ke8 96. d6 Bc4 97. c6 Kd8 98. c7+ Kc8 99. Ne4 Ba6 100. Nc5 Bb5 101. Kf7 Be8+ 102. Ke7 Bc6 103. d7+ Bxd7 104. exd7+ Kxc7 105. d8=Q+ Kc6 106. Qd7+ 1-0


[Site "https://www.chess.com"]

[Event "Titled Tuesday Blitz February 14 Early 2023"]
[White "Sarkar, Justin"]
[Black "Maksimenko, Viktor"]
[WhiteFideId "2010011"]
[BlackFideId "13710478"]
[WhiteElo "2309"]
[BlackElo "2196"]
[Result "0-1"]
[Round "03"]
[TimeControl "180+2"]
[Date "2023.02.15"]
[WhiteClock "0:00:01"]
[BlackClock "0:02:24"]

1. e4 e5 2. f4 Bc5 3. Nf3 d6 4. c3 Nc6 5. d4 exd4 6. cxd4 Bb6 7. Be3 Nf6 8. Nc3 O-O 9. Bd3 Re8 10. Qd2 Bg4 11. d5 Bxe3 12. Qxe3 Nb4 13. Qd4 c5 14. dxc6 Nxc6 15. Qe3 d5 0-1


[Site "https://www.chess.com"]

[Event "Titled Tuesday Blitz February 14 Early 2023"]
[White "Belov, Alexei"]
[Black "Srebrnic, Marko"]
[WhiteFideId "4128206"]
[BlackFideId "14603616"]
[WhiteElo "2421"]
[BlackElo "2366"]
[Result "1/2-1/2"]
[Round "03"]
[TimeControl "180+2"]
[Date "2023.02.15"]
[WhiteClock "0:00:18"]
[BlackClock "0:00:04"]

1. e4 c5 2. Nf3 a6 3. c4 g6 4. d4 cxd4 5. Nxd4 Bg7 6. Nc3 Nc6 7. Be3 e5 8. Nxc6 dxc6 9. Qxd8+ Kxd8 10. Bb6+ Ke8 11. O-O-O Be6 12. Na4 Nf6 13. f3 Nd7 14. Be3 b5 15. Nc5 Nxc5 16. Bxc5 Bf8 17. Bxf8 Kxf8 18. Kc2 Ke7 19. c5 a5 20. b3 a4 21. Kb2 axb3 22. axb3 b4 23. Bc4 Ra5 24. Bxe6 fxe6 25. Rc1 Rd8 26. Rhd1 Rxd1 27. Rxd1 Rxc5 28. Ra1 Rc3 29. Ra7+ Kd6 30. Rxh7 Re3 31. Kc2 Kc5 32. Rd7 Re2+ 33. Rd2 Re1 34. Kd3 Rb1 35. Kc2 Rh1 36. h3 Rg1 37. Kb2 Kb5 38. Kc2 c5 39. Kb2 c4 40. bxc4+ Kxc4 41. Rc2+ Kd4 42. Kb3 Rb1+ 43. Ka2 Rd1 44. Kb3 Kd3 45. Rb2 g5 46. Kxb4 Ke3 47. Kc5 Kf4 48. Rb6 Rd2 49. Rxe6 Rxg2 50. Rf6+ Ke3 51. Rf5 Rg3 52. Kd5 Rxh3 53. Kxe5 Rxf3 54. Rxg5 Rf8 55. Rg3+ Kf2 56. Rg6 Ke3 57. Rg3+ Kf2 58. Ra3 Re8+ 59. Kd5 Rd8+ 60. Kc6 Re8 61. Kd5 Rd8+ 62. Ke6 Re8+ 63. Kd5 1/2-1/2


[Site "https://www.chess.com"]

[Event "Titled Tuesday Blitz February 14 Early 2023"]
[White "Manukyan, Sargis V."]
[Black "Cori T., Deysi"]
[WhiteFideId "13303465"]
[BlackFideId "3801934"]
[WhiteElo "2253"]
[BlackElo "2362"]
[Result "1-0"]
[Round "03"]
[TimeControl "180+2"]
[Date "2023.02.15"]
[WhiteClock "0:00:15"]
[BlackClock "0:00:05"]

1. d4 g6 2. c4 Bg7 3. Nf3 d6 4. Nc3 Nd7 5. g3 e5 6. Bg2 Ne7 7. O-O O-O 8. Rb1 a5 9. a3 exd4 10. Nxd4 Ne5 11. b3 N7c6 12. Ndb5 f5 13. Nd5 Rf7 14. h4 h6 15. Be3 Ng4 16. Bd2 Kh7 17. Qc2 Nd4 18. Nxd4 Bxd4 19. Bc3 Qh8 20. e3 Bxc3 21. Nxc3 Qe5 22. Qd3 Qc5 23. Nb5 Ne5 24. Qd5 Qxd5 25. cxd5 a4 26. b4 Bd7 27. Nxc7 Rc8 28. Ne6 Rc3 29. Ra1 Nd3 30. Nd8 Re7 31. Nxb7 f4 32. exf4 Bg4 33. Nxd6 Re2 34. Ne4 Rxe4 35. Bxe4 Kg7 36. Bxd3 Rxd3 37. Rfb1 Bf3 38. b5 Rxd5 39. b6 Rd7 40. Rb4 Rb7 41. Rab1 Bc6 42. Rc4 Bd5 43. Rc7+ Kf6 44. Rxb7 Bxb7 45. Rb4 Kf5 46. Rxa4 Kg4 47. Ra7 Bf3 48. b7 Bxb7 49. Rxb7 Kh3 50. a4 g5 51. hxg5 h5 52. g6 Kg4 53. g7 Kh3 54. g8=Q h4 55. Kf1 Kh2 56. gxh4 Kh3 57. h5 Kh4 58. h6 1-0


[Site "https://www.chess.com"]

[Event "Titled Tuesday Blitz February 14 Early 2023"]
[White "Pajeken, Jakob Leon"]
[Black "Chan, Kim Yew"]
[WhiteFideId "12942839"]
[BlackFideId "5717981"]
[WhiteElo "2417"]
[BlackElo "2340"]
[Result "1-0"]
[Round "03"]
[TimeControl "180+2"]
[Date "2023.02.15"]
[WhiteClock "0:01:01"]
[BlackClock "0:00:01"]

1. d4 Nf6 2. Nf3 d5 3. Bf4 e6 4. e3 c5 5. c3 Nc6 6. Nbd2 Bd6 7. Bg3 O-O 8. Bd3 b6 9. Qe2 Bb7 10. Rd1 Qc7 11. e4 dxe4 12. Nxe4 Nxe4 13. Bxe4 Bxg3 14. hxg3 g6 15. Ng5 h5 16. g4 Qf4 17. Qf3 Qxg5 18. Bxc6 Bxc6 19. Qxc6 Qxg4 20. dxc5 Rac8 21. Qf3 Qxf3 22. gxf3 Rxc5 23. Rd7 a5 24. Rh4 Rfc8 25. Rb7 Rb5 26. Rf4 Rf8 27. b3 g5 28. Rd4 Rc8 29. c4 Rf5 30. Ke2 h4 31. Rxb6 h3 32. Rbd6 h2 33. Rd1 Kg7 34. Rh1 Rh8 35. Rd4 Rh3 36. Rg4 Kf6 37. Rg3 Re5+ 38. Kd3 Rh4 39. Rg2 Rf4 40. Rg3 Rh4 41. a3 Kf5 42. b4 axb4 43. axb4 Kf4 44. Rg4+ Rxg4 45. fxg4 Kxg4 46. Rxh2 Kf3 47. c5 Re1 48. b5 Rb1 49. b6 e5 50. Kc4 f5 51. Kd5 e4 52. c6 1-0


[Site "https://www.chess.com"]

[Event "Titled Tuesday Blitz February 14 Early 2023"]
[White "Krstulovic, Alex"]
[Black "Ezat, Mohamed"]
[WhiteFideId "760056"]
[BlackFideId "10600906"]
[WhiteElo "2428"]
[BlackElo "2402"]
[Result "1-0"]
[Round "03"]
[TimeControl "180+2"]
[Date "2023.02.15"]
[WhiteClock "0:01:28"]
[BlackClock "0:00:17"]

1. d4 Nf6 2. Nf3 c5 3. d5 d6 4. Nc3 g6 5. e4 Bg7 6. Bb5+ Bd7 7. a4 O-O 8. O-O e5 9. dxe6 Bxe6 10. Bf4 d5 11. e5 Nh5 12. Bg5 f6 13. Bh4 Nc6 14. Re1 Bg4 15. Nxd5 Bxf3 16. Qxf3 Nxe5 17. Qb3 Kh8 18. Rxe5 g5 19. Rf5 Qc8 20. Qh3 a6 21. Bd3 Qe6 22. Bxg5 fxg5 23. Rxf8+ Rxf8 24. Qxe6 1-0


[Site "https://www.chess.com"]

[Event "Titled Tuesday Blitz February 14 Early 2023"]
[White "Kejna, Piotr"]
[Black "Al-Tarboush, Ward"]
[WhiteFideId "21821704"]
[BlackFideId "7601450"]
[WhiteElo "2027"]
[BlackElo "2256"]
[Result "0-1"]
[Round "03"]
[TimeControl "180+2"]
[Date "2023.02.15"]
[WhiteClock "0:00:04"]
[BlackClock "0:01:20"]

1. e4 c5 2. b3 Nc6 3. Bb2 d6 4. Bb5 Bd7 5. f4 e6 6. Qe2 Nf6 7. Nf3 Be7 8. Nc3 a6 9. Bxc6 Bxc6 10. O-O-O b5 11. e5 b4 12. exf6 bxc3 13. Bxc3 Bxf6 14. f5 e5 15. d4 cxd4 16. Nxd4 Bd7 17. Nf3 Bxf5 18. Nxe5 O-O 19. Qf3 Qc8 20. Nc4 Bg4 21. Qg3 Bxc3 22. Qxc3 Bxd1 23. Rxd1 Qc5 24. Rxd6 Rac8 25. Rd1 Rfe8 26. Kb2 h6 27. Qd3 Qg5 28. g3 Qf6+ 29. Kb1 Rcd8 30. Qf1 Rxd1+ 31. Qxd1 Qc3 32. Nd2 Rd8 33. Kc1 Qa1+ 34. Nb1 Rxd1+ 0-1


[Site "https://www.chess.com"]

[Event "Titled Tuesday Blitz February 14 Early 2023"]
[White "Injac, Teodora"]
[Black "Heinemann, Josefine"]
[WhiteFideId "932400"]
[BlackFideId "12900460"]
[WhiteElo "2391"]
[BlackElo "2289"]
[Result "0-1"]
[Round "03"]
[TimeControl "180+2"]
[Date "2023.02.15"]
[WhiteClock "0:00:04"]
[BlackClock "0:00:26"]

1. Nf3 d5 2. g3 g6 3. Bg2 Bg7 4. d4 Nf6 5. O-O O-O 6. a4 Bf5 7. Nbd2 Ne4 8. c3 a5 9. Nh4 Nxd2 10. Bxd2 Bc8 11. e4 dxe4 12. Bxe4 c6 13. Bg2 Nd7 14. Re1 e5 15. Be3 exd4 16. Bxd4 Bxd4 17. Qxd4 Nf6 18. Qf4 Kg7 19. Rad1 Qb6 20. Rd6 Nh5 21. Qe5+ Kg8 22. h3 Qxb2 23. g4 Ng7 24. Qf6 Be6 25. Qf4 Qxc3 26. Nf3 Bd5 27. Rxd5 cxd5 28. Qh6 Ne6 29. Kh2 Qg7 30. Qd2 d4 31. Ne5 Rfe8 32. f4 Rad8 33. Bxb7 d3 34. Be4 Nxf4 35. Qxf4 Qxe5 0-1


[Site "https://www.chess.com"]

[Event "Titled Tuesday Blitz February 14 Early 2023"]
[White "Ilkhomi, Jaloliddin"]
[Black "Carrasco Miranda, Andres"]
[WhiteFideId "14700948"]
[BlackFideId "3405990"]
[WhiteElo "1997"]
[BlackElo "2240"]
[Result "1/2-1/2"]
[Round "03"]
[TimeControl "180+2"]
[Date "2023.02.15"]
[WhiteClock "0:00:06"]
[BlackClock "0:00:15"]

1. Nf3 Nf6 2. c4 g6 3. b3 Bg7 4. Bb2 O-O 5. g3 c5 6. Bg2 Nc6 7. O-O a6 8. d3 Rb8 9. a4 d6 10. Nc3 Bd7 11. Nd2 Ne8 12. Rb1 Nc7 13. Nd5 Bxb2 14. Rxb2 Nxd5 15. cxd5 Nb4 16. Nb1 b5 17. axb5 axb5 18. Nc3 e5 19. dxe6 Bxe6 20. d4 Qf6 21. e3 Rfd8 22. Ne4 Qe7 23. Qd2 Bd5 24. Nc3 Bxg2 25. Kxg2 c4 26. Kg1 Nd3 27. Rbb1 d5 28. bxc4 bxc4 29. Nxd5 Rxd5 30. Rxb8+ Kg7 31. Rc8 Qd7 32. Rxc4 Ne5 33. Qe2 Nxc4 34. Qxc4 Rh5 35. f3 Qh3 36. Qe2 Ra5 37. e4 Qd7 38. d5 h5 39. Qd2 Qa7+ 40. Qf2 Qd7 41. Rd1 h4 42. gxh4 Kh7 43. h5 gxh5 44. Kh1 Ra3 45. Qh4 Ra6 46. Qxh5+ Rh6 47. Qg4 Qd6 48. f4 Rg6 49. Qh3+ Kg7 50. Rg1 Qb4 51. Rxg6+ fxg6 52. Qg2 Qe1+ 53. Qg1 Qxe4+ 54. Qg2 Qe1+ 55. Qg1 Qe4+ 56. Qg2 Qe1+ 57. Qg1 Qe4+ 1/2-1/2


[Site "https://www.chess.com"]

[Event "Titled Tuesday Blitz February 14 Early 2023"]
[White "Martins, Vinicius Tine"]
[Black "Gjestemoen-VonHirsch, Andre"]
[WhiteFideId "2112884"]
[BlackFideId "1539531"]
[WhiteElo "2254"]
[BlackElo "2314"]
[Result "0-1"]
[Round "03"]
[TimeControl "180+2"]
[Date "2023.02.15"]
[WhiteClock "0:01:15"]
[BlackClock "0:00:20"]

1. e4 Nf6 2. Nc3 d5 3. exd5 Nxd5 4. Bc4 Nb6 5. Bb3 Nc6 6. Nf3 Bf5 7. O-O e6 8. d4 Be7 9. h3 O-O 10. Re1 Bf6 11. Be3 h6 12. Qd2 a6 13. Rad1 Na5 14. Qe2 Nxb3 15. axb3 Nd5 16. Bc1 Nxc3 17. bxc3 a5 18. Ba3 Re8 19. Ra1 Qd7 20. Bc1 Qc6 21. c4 a4 22. Bf4 a3 23. Be5 Be7 24. c3 b5 25. d5 exd5 26. Nd4 Qg6 27. Bxc7 bxc4 28. Nxf5 Qxf5 29. bxc4 Bc5 30. Qxe8+ Rxe8 31. Rxe8+ Kh7 32. cxd5 Qd7 0-1


[Site "https://www.chess.com"]

[Event "Titled Tuesday Blitz February 14 Early 2023"]
[White "Hirneise, Jens"]
[Black "Miszler, Levente"]
[WhiteFideId "24614734"]
[BlackFideId "763276"]
[WhiteElo "2277"]
[BlackElo "2271"]
[Result "1-0"]
[Round "03"]
[TimeControl "180+2"]
[Date "2023.02.15"]
[WhiteClock "0:00:09"]
[BlackClock "0:00:01"]

1. Nf3 Nf6 2. b3 g6 3. Bb2 Bg7 4. g3 O-O 5. Bg2 b6 6. O-O Bb7 7. d3 c5 8. e4 d5 9. e5 Nfd7 10. Re1 e6 11. Nbd2 Nc6 12. Qe2 Qc7 13. h4 Rae8 14. h5 f6 15. exf6 Nxf6 16. hxg6 hxg6 17. Nh4 Kh7 18. Ndf3 Bh6 19. Bc1 Bxc1 20. Raxc1 e5 21. Ng5+ Kg7 22. c3 Bc8 23. f4 exf4 24. Qc2 fxg3 25. d4 Ne4 26. Bxe4 dxe4 27. Rxe4 Rxe4 28. Qxe4 Qd6 29. d5 Qf6 30. Nhf3 Ne7 31. Re1 Nf5 32. c4 Bd7 33. Kg2 Re8 34. Ne6+ Bxe6 35. dxe6 Re7 36. Re2 g5 37. Qg4 Kg6 38. Ne5+ Kg7 39. Nd7 Qd4 40. Qxg5+ Kh7 41. Qxf5+ Kg7 42. Qf8+ 1-0


[Site "https://www.chess.com"]

[Event "Titled Tuesday Blitz February 14 Early 2023"]
[White "Mushini Ajay"]
[Black "Alinasab, Mobina"]
[WhiteFideId "35066188"]
[BlackFideId "12528897"]
[WhiteElo "2310"]
[BlackElo "2347"]
[Result "1-0"]
[Round "03"]
[TimeControl "180+2"]
[Date "2023.02.15"]
[WhiteClock "0:00:15"]
[BlackClock "0:00:02"]

1. d4 Nf6 2. c4 e6 3. Nf3 b6 4. g3 Bb7 5. Bg2 c5 6. d5 d6 7. O-O e5 8. Nc3 Be7 9. Nh4 O-O 10. e4 Re8 11. Nf5 Bf8 12. g4 g6 13. Nh6+ Kg7 14. Qf3 Qe7 15. h4 Ng8 16. Bg5 f6 17. Nxg8 Kxg8 18. Qxf6 Qxf6 19. Bxf6 h6 20. f4 Nd7 21. fxe5 dxe5 22. Nb5 Rec8 23. g5 a6 24. Nc3 Re8 25. Bh3 Nxf6 26. Rxf6 Bg7 27. Rxb6 Bc8 28. Bxc8 Raxc8 29. Rxg6 hxg5 30. hxg5 Rf8 31. Rf1 Rf4 32. Rxf4 exf4 33. e5 Kh7 34. Rf6 Bxf6 35. gxf6 Kg6 36. Ne4 Re8 37. f7 Rh8 38. e6 Kg7 39. Nxc5 Rh5 40. Nd7 Rf5 41. f8=Q+ 1-0


[Site "https://www.chess.com"]

[Event "Titled Tuesday Blitz February 14 Early 2023"]
[White "Berezin, Viktor"]
[Black "Titichoca Daza, Daniel"]
[WhiteFideId "14107872"]
[BlackFideId "3309550"]
[WhiteElo "2307"]
[BlackElo "2180"]
[Result "1-0"]
[Round "03"]
[TimeControl "180+2"]
[Date "2023.02.15"]
[WhiteClock "0:01:32"]
[BlackClock "0:02:09"]

1. d4 Nf6 2. Nf3 c5 3. d5 d6 4. Nc3 e5 5. e4 Be7 6. g3 O-O 7. Bg2 a6 8. a4 Bg4 9. O-O Ne8 10. h3 Bxf3 11. Qxf3 Bg5 12. Qd3 Bxc1 13. Raxc1 Nd7 14. f4 Rb8 15. f5 Nc7 16. a5 b5 17. axb6 Nxb6 18. b3 Nb5 19. Ra1 Nd4 20. f6 gxf6 21. Rxa6 c4 22. bxc4 Rc8 23. Qd2 Rc6 24. dxc6 1-0


[Site "https://www.chess.com"]

[Event "Titled Tuesday Blitz February 14 Early 2023"]
[White "Gimenez Aguirre, Alejo Ismael"]
[Black "Zia, Tahsin Tajwar"]
[WhiteFideId "32041667"]
[BlackFideId "10211888"]
[WhiteElo "2273"]
[BlackElo "2315"]
[Result "1-0"]
[Round "03"]
[TimeControl "180+2"]
[Date "2023.02.15"]
[WhiteClock "0:00:07"]
[BlackClock "0:00:03"]

1. e4 c5 2. Nf3 e6 3. d4 cxd4 4. Nxd4 a6 5. c4 Nf6 6. Nc3 Qc7 7. Bd3 Bb4 8. O-O O-O 9. Be3 Nc6 10. Rc1 Ne5 11. h3 d6 12. b3 Bd7 13. Bb1 Rac8 14. f4 Nc6 15. Qd3 Bc5 16. Na4 Bxd4 17. Bxd4 Nxd4 18. Qxd4 Bxa4 19. bxa4 e5 20. Qb2 Nd7 21. Kh1 Nc5 22. Bc2 Ne6 23. fxe5 dxe5 24. Bb3 Nd4 25. c5 Kh8 26. Bd5 Rb8 27. Qb6 Qe7 28. Qd6 Qg5 29. Rb1 Ne2 30. Rf3 Nf4 31. Rf2 Qg3 32. Rd2 Qc3 33. Rf2 Rbd8 34. Qb6 Qg3 35. Rd2 Qe3 36. Rbd1 f5 37. Qxb7 fxe4 38. Qe7 Rfe8 39. Qg5 Nxd5 40. Qh5 Qxc5 41. Rxd5 Rc8 42. Rxc5 g6 43. Qxe5+ 1-0


[Site "https://www.chess.com"]

[Event "Titled Tuesday Blitz February 14 Early 2023"]
[White "Maltsevskaya, Aleksandra"]
[Black "Harriott, Tyrell"]
[WhiteFideId "24174041"]
[BlackFideId "2086484"]
[WhiteElo "2390"]
[BlackElo "1889"]
[Result "1-0"]
[Round "03"]
[TimeControl "180+2"]
[Date "2023.02.15"]
[WhiteClock "0:01:27"]
[BlackClock "0:00:13"]

1. Nf3 e6 2. d3 d5 3. Nbd2 f5 4. g3 Bd6 5. Bg2 Nf6 6. O-O f4 7. c3 fxg3 8. hxg3 O-O 9. e4 Ng4 10. d4 Qe8 11. e5 Be7 12. Nh2 Nxh2 13. Kxh2 c5 14. f4 cxd4 15. cxd4 Nc6 16. Nf3 Qh5+ 17. Bh3 Bd7 18. Be3 Nb4 19. a3 Nc6 20. Rc1 Rac8 21. b4 a6 22. Qd3 Na7 23. g4 Qe8 24. g5 Qh5 25. Kg3 Kf7 26. Nh4 Bb5 27. Qd2 Bxf1 28. Bg4 Qxh4+ 29. Kxh4 Rxc1 30. Qxc1 Bb5 31. Qc7 Bc6 32. f5 Nb5 33. fxe6+ Ke8 34. Qc8+ Bd8 35. e7 Kxe7 36. Qe6# 1-0


[Site "https://www.chess.com"]

[Event "Titled Tuesday Blitz February 14 Early 2023"]
[White "Jimenez Garcia, Emmanuel"]
[Black "Raahul V S"]
[WhiteFideId "6504779"]
[BlackFideId "25035525"]
[WhiteElo "2410"]
[BlackElo "2299"]
[Result "0-1"]
[Round "03"]
[TimeControl "180+2"]
[Date "2023.02.15"]
[WhiteClock "0:00:02"]
[BlackClock "0:01:00"]

1. Nf3 Nf6 2. d3 d5 3. Nbd2 g6 4. e4 Bg7 5. Be2 c5 6. O-O O-O 7. Re1 Nc6 8. a4 Qc7 9. exd5 Nxd5 10. Bf1 b6 11. Nc4 Bb7 12. c3 Rad8 13. Qb3 e6 14. a5 bxa5 15. Qa3 Rfe8 16. Bg5 f6 17. Bh4 Bf8 18. Bg3 e5 19. Nxa5 c4 20. Qa2 cxd3 21. Nxb7 Qxb7 22. Bxd3 Kh8 23. Be4 Nde7 24. b4 Qc8 25. b5 Nb8 26. c4 Nd7 27. Rec1 Nc5 28. Bc2 Nf5 29. Qxa7 Nxg3 30. hxg3 e4 31. Ne1 e3 32. f3 Bd6 33. f4 Qg4 0-1


[Site "https://www.chess.com"]

[Event "Titled Tuesday Blitz February 14 Early 2023"]
[White "Orzech, Dominik"]
[Black "Rian, Kapriaga"]
[WhiteFideId "1115065"]
[BlackFideId "7103263"]
[WhiteElo "2308"]
[BlackElo "2089"]
[Result "0-1"]
[Round "03"]
[TimeControl "180+2"]
[Date "2023.02.15"]
[WhiteClock "0:01:18"]
[BlackClock "0:01:48"]

1. e4 c6 2. d4 d5 3. Nc3 dxe4 4. Nxe4 Bf5 5. Ng3 Bg6 6. Nf3 Nd7 7. Bd3 e6 8. O-O Bd6 9. Bxg6 hxg6 10. Ne4 Bxh2+ 11. Nxh2 Qh4 12. f3 Qxh2+ 13. Kf2 Ngf6 14. Rh1 Nxe4+ 15. fxe4 Qxh1 16. Qxh1 Rxh1 0-1


[Site "https://www.chess.com"]

[Event "Titled Tuesday Blitz February 14 Early 2023"]
[White "Todorovic, Bojan"]
[Black "Golubev, Mikhail"]
[WhiteFideId "917087"]
[BlackFideId "14100983"]
[WhiteElo "2195"]
[BlackElo "2461"]
[Result "0-1"]
[Round "03"]
[TimeControl "180+2"]
[Date "2023.02.15"]
[WhiteClock "0:00:17"]
[BlackClock "0:00:22"]

1. d4 Nf6 2. c4 g6 3. Nc3 Bg7 4. e4 d6 5. Nf3 O-O 6. Be2 e5 7. O-O Nc6 8. d5 Ne7 9. Ne1 Ne8 10. a4 a5 11. Nd3 b6 12. f3 f5 13. Bd2 Nf6 14. Nf2 f4 15. Nb5 g5 16. b4 h5 17. c5 g4 18. cxd6 cxd6 19. fxg4 hxg4 20. g3 Ng6 21. Rc1 fxg3 22. hxg3 Nh5 23. Bxg4 Nxg3 24. Rxc8 Rxc8 25. Be6+ Kh7 26. Qg4 Qh4 27. Bxc8 Nxf1 28. Qxh4+ Nxh4 29. Kxf1 Rxc8 30. bxa5 bxa5 31. Nxd6 Rc2 32. Ke2 Bh6 0-1


[Site "https://www.chess.com"]

[Event "Titled Tuesday Blitz February 14 Early 2023"]
[White "Shapiro, Viktor"]
[Black "Guo, Josh"]
[WhiteFideId "4175700"]
[BlackFideId "2682427"]
[WhiteElo "2192"]
[BlackElo "2112"]
[Result "1-0"]
[Round "03"]
[TimeControl "180+2"]
[Date "2023.02.15"]
[WhiteClock "0:01:50"]
[BlackClock "0:00:02"]

1. c4 c5 2. Nc3 Nc6 3. g3 g6 4. Bg2 Bg7 5. Nf3 e6 6. d3 Nge7 7. O-O O-O 8. a3 d5 9. cxd5 Nxd5 10. Bd2 b6 11. Rc1 Bb7 12. h4 h5 13. Nxd5 Qxd5 14. b4 cxb4 15. axb4 Qd7 16. b5 Nd4 17. Nxd4 Bxg2 18. Kxg2 Bxd4 19. Qb3 Rfc8 20. Rc4 Rxc4 21. Qxc4 Rc8 22. Qb3 Qd5+ 23. Qxd5 exd5 24. Rc1 Rxc1 25. Bxc1 f5 26. f3 Kf7 27. e4 Ke6 28. g4 fxg4 29. fxg4 dxe4 30. dxe4 Kd6 31. gxh5 gxh5 32. Ba3+ Bc5 33. Bb2 Bb4 34. Bd4 Bc5 35. Bg7 Ke6 36. Kf3 Bd6 37. Bd4 Bb4 38. Bf2 Bd6 39. Be3 Be5 40. Bf4 Bd4 41. Bb8 1-0


[Site "https://www.chess.com"]

[Event "Titled Tuesday Blitz February 14 Early 2023"]
[White "Lacasa Diaz, Jose Antonio"]
[Black "Sharapov, Evgeny"]
[WhiteFideId "2203375"]
[BlackFideId "14103133"]
[WhiteElo "2359"]
[BlackElo "2375"]
[Result "0-1"]
[Round "03"]
[TimeControl "180+2"]
[Date "2023.02.15"]
[WhiteClock "0:01:02"]
[BlackClock "0:01:39"]

1. e4 c5 2. Nf3 d6 3. Bb5+ Nd7 4. a4 Nf6 5. Nc3 e5 6. d3 Be7 7. O-O O-O 8. Bg5 Ne8 9. Be3 Nc7 10. Nd2 Nxb5 11. axb5 b6 12. Nd5 Bb7 13. c4 a6 14. bxa6 Rxa6 15. Rxa6 Bxa6 16. Qa4 Bb7 17. f4 Bxd5 18. cxd5 exf4 19. Bxf4 Bg5 20. Bxg5 Qxg5 21. Nc4 Ne5 22. Nxd6 Qe3+ 23. Kh1 Nxd3 24. h3 Nf2+ 25. Kh2 Qf4+ 26. Kg1 Nxh3+ 27. gxh3 Qg3+ 28. Kh1 Qxh3+ 29. Kg1 Qg3+ 30. Kh1 Qxd6 31. Qc2 f6 32. Qg2 Re8 33. Rg1 Re7 34. Qg4 Qe5 35. b3 Qxe4+ 36. Qxe4 Rxe4 37. Rd1 Rd4 0-1


[Site "https://www.chess.com"]

[Event "Titled Tuesday Blitz February 14 Early 2023"]
[White "Matveeva, Olga"]
[Black "Principe, Gerson"]
[WhiteFideId "24107018"]
[BlackFideId "3804550"]
[WhiteElo "2128"]
[BlackElo "2226"]
[Result "0-1"]
[Round "03"]
[TimeControl "180+2"]
[Date "2023.02.15"]
[WhiteClock "0:00:01"]
[BlackClock "0:00:14"]

1. d4 Nf6 2. c4 e6 3. g3 d5 4. Nf3 Bb4+ 5. Bd2 Be7 6. Bg2 O-O 7. O-O c6 8. Qc2 b6 9. Rd1 Ba6 10. Ne5 Nfd7 11. b3 Nxe5 12. dxe5 Nd7 13. Bc3 Rc8 14. Nd2 b5 15. e4 dxc4 16. bxc4 b4 17. Bb2 Qc7 18. Qa4 Bb7 19. c5 Bxc5 20. Rac1 Be7 21. Nc4 Nb6 22. Qc2 Nxc4 23. Qxc4 c5 24. a3 a5 25. axb4 axb4 26. Rc2 Rfd8 27. Rdc1 Qb6 28. Bf1 h6 29. h4 Rc7 30. Kg2 Rdc8 31. Be2 Bc6 32. Bf3 Ba4 33. Rd2 Bb5 34. Qb3 c4 35. Bd4 Qb7 36. Qe3 c3 37. Rdc2 Ba4 38. Ra2 Bb3 39. Ra7 Qb8 40. Rxc7 Qxc7 41. Bb6 Qc6 42. Bd4 Ba4 43. Be2 c2 44. Bd3 b3 45. Bb2 Qc5 46. Qd2 Bb5 47. Bxb5 Qxb5 48. Qe3 Bb4 49. Qxb3 Qc4 50. Qa4 Bd2 0-1


[Site "https://www.chess.com"]

[Event "Titled Tuesday Blitz February 14 Early 2023"]
[White "Jiganchine, Roman"]
[Black "Veiga, Jose Francisco R P Neves"]
[WhiteFideId "2603667"]
[BlackFideId "1930087"]
[WhiteElo "2205"]
[BlackElo "2406"]
[Result "0-1"]
[Round "03"]
[TimeControl "180+2"]
[Date "2023.02.15"]
[WhiteClock "0:00:01"]
[BlackClock "0:00:04"]

1. e4 Nc6 2. Nf3 e5 3. Nc3 Nf6 4. Bb5 Bd6 5. d3 h6 6. a3 O-O 7. g4 a6 8. Bxc6 dxc6 9. g5 hxg5 10. Bxg5 Bc5 11. Rg1 Qd6 12. Qd2 Ng4 13. Rg2 f6 14. Bh4 Kh7 15. O-O-O Be6 16. Nb1 b5 17. Rdg1 Qd7 18. h3 Nh6 19. b4 Bb6 20. Rxg7+ Qxg7 21. Rxg7+ Kxg7 22. Nc3 a5 23. d4 axb4 24. axb4 Rad8 25. Bxf6+ Rxf6 26. Qg5+ Rg6 27. Qxe5+ Kg8 28. d5 Nf7 29. Qf4 cxd5 30. exd5 Bxd5 31. Ne5 Nxe5 32. Qxe5 Bf7 33. Ne4 Bd4 34. Qxc7 Re8 35. f3 Be3+ 36. Kb2 Bd4+ 37. c3 Be5 38. Qd7 Ra8 39. Kc2 Ra2+ 40. Kd3 Bc4+ 41. Ke3 Re2# 0-1


[Site "https://www.chess.com"]

[Event "Titled Tuesday Blitz February 14 Early 2023"]
[White "Martin Duque, Jesus"]
[Black "Skuhala, Barbara"]
[WhiteFideId "2208954"]
[BlackFideId "14605465"]
[WhiteElo "2386"]
[BlackElo "2153"]
[Result "0-1"]
[Round "03"]
[TimeControl "180+2"]
[Date "2023.02.15"]
[WhiteClock "0:00:06"]
[BlackClock "0:00:24"]

1. b3 d5 2. Bb2 Nf6 3. e3 Nc6 4. Nf3 e6 5. Bb5 Bd6 6. O-O O-O 7. d4 a6 8. Be2 Ne7 9. c4 b6 10. Nbd2 c5 11. dxc5 bxc5 12. Bxf6 gxf6 13. cxd5 Nxd5 14. Ne4 Be7 15. Rc1 Qa5 16. Nfd2 f5 17. Nc4 Qc7 18. Nc3 Bb7 19. Bf3 Nxc3 20. Rxc3 Rad8 21. Qe2 Bf6 22. Rc2 Bxf3 23. Qxf3 Kh8 24. g3 Rg8 25. Rfc1 Be7 26. Qh5 Rg6 27. Nd2 Rdg8 28. Nf3 f4 29. Ne5 fxg3 30. hxg3 Rf6 31. Nxf7+ Kg7 32. Ne5 Rf5 33. Qg4+ Kf8 34. Qh3 Qxe5 35. b4 Rfg5 36. Kf1 cxb4 37. Qxh7 R5g7 38. Rc8+ Kf7 39. Qh5+ Qxh5 0-1


[Site "https://www.chess.com"]